 Dungeon Crawl Stone Soup version 0.21.1-1-g345015f (webtiles) character file.

60492 Nurfield the Eclecticist (level 14, -5/111 HPs)
             Began as a Demigod Wizard on Apr 30, 2018.
             Slain by a mana viper (6 damage)
             ... on level 1 of the Snake Pit.
             The game lasted 05:57:04 (39803 turns).

Nurfield the Eclecticist (Demigod Wizard)          Turns: 39803, Time: 05:57:08

Health: -5/111     AC:  8    Str:  7    XL:     14   Next: 21%
Magic:  0/39       EV: 11    Int: 32    God:
Gold:   1361       SH:  8    Dex: 18    Spells: 17/44 levels left

rFire    . . .     SeeInvis +   y - +9 hand axe "Brush" {freeze, rN+ MR++}
rCold    . . .     Gourm    .   L - +0 buckler of the Eight Boll Weevils {rN+ MR++ Str-3}
rNeg     + + .     Faith    .   v - +3 robe "Doasavve" {Dex+4}
rPois    .         Spirit   .   g - +0 helmet
rElec    .         Reflect  +   Q - +0 cloak
rCorr    .         Harm     .   N - +0 pair of gloves
MR       +++++                  (no boots)
Stlth    ++........             c - +3 amulet of reflection
HPRegen  0.28/turn              Y - +2 ring of intelligence
MPRegen  0.26/turn              s - ring of see invisible

@: hasted, constricted, very quick
A: high mp 1
a: no special abilities


You were on level 1 of the Snake Pit.
You were not hungry.

You visited 5 branches of the dungeon, and saw 22 of its levels.
You also visited: Ossuary and Bailey.

You collected 2261 gold pieces.
You spent 900 gold pieces at shops.

Inventory:

Hand Weapons
 a - a +1 trident of protection
 l - a +1 short sword of protection
 y - the +9 hand axe "Brush" (weapon) {freeze, rN+ MR++}
   (You took it off a kobold on level 12 of the Dungeon)

   It has been specially enchanted to freeze those struck by it, causing extra
   injury to most foes and up to half again as much damage against particularly
   susceptible opponents.
   It can also slow down cold-blooded creatures.
   It protects you from negative energy.
   It affects your resistance to hostile enchantments.
 G - the +0 war axe of Valiance {flame, +Inv Int-2 Dex+2}
   (You found it on level 3 of the Lair of Beasts)

   It has been specially enchanted to burn those struck by it, causing extra
   injury to most foes and up to half again as much damage against particularly
   susceptible opponents.
   Big, fiery blades are also staple armaments of hydra-hunters.
   It affects your intelligence (-2).
   It affects your dexterity (+2).
   It lets you turn invisible.
Armour
 g - a +0 helmet (worn)
 v - the +3 robe "Doasavve" (worn) {Dex+4}
   (You found it on level 4 of the Dungeon)

   It affects your dexterity (+4).
 F - the +6 chain mail of Distant Worlds {rCorr SInv}
   (You found it on level 7 of the Dungeon)

   It lets you see invisible.
   It protects you from acid and corrosion.
 L - the +0 buckler of the Eight Boll Weevils (worn) {rN+ MR++ Str-3}
   (You found it on level 6 of the Lair of Beasts)

   It affects your strength (-3).
   It protects you from negative energy.
   It affects your resistance to hostile enchantments.
 N - a +0 pair of gloves (worn)
 Q - a +0 cloak (worn)
 Z - a +2 robe of cold resistance
Magical Staves
 U - an uncursed staff of cold
Jewellery
 c - a +3 amulet of reflection (around neck)
 k - a +2 ring of strength
 s - a ring of see invisible (right hand)
 H - an uncursed ring of protection from magic
 I - an uncursed ring of wizardry
 Y - a +2 ring of intelligence (left hand)
Wands
 d - a wand of flame (10)
 m - a wand of digging (11)
 u - a wand of random effects (24)
 E - a wand of iceblast (8)
 O - a wand of clouds (10)
 R - a wand of disintegration (46)
 X - a wand of polymorph (10)
Scrolls
 e - 11 scrolls of remove curse
 f - a scroll of brand weapon {unknown}
 h - 2 scrolls of magic mapping
 p - 2 scrolls of immolation
 w - a scroll of enchant weapon
 K - a scroll of identify
Potions
 b - 3 potions of berserk rage
 i - 2 potions of agility
 j - 2 potions of invisibility
 n - 2 potions of cancellation
 o - a potion of flight
 q - 4 potions of brilliance
 r - a potion of curing
 x - 4 potions of lignification
 A - a potion of haste
 B - 2 potions of heal wounds
Miscellaneous
 t - a fan of gales
 J - a lightning rod (4/4)
Comestibles
 D - 33 rations


   Skills:
 - Level 6.6 Fighting
 - Level 3.0 Dodging
 - Level 1.7 Stealth
 - Level 4.1 Shields
 - Level 15.8 Spellcasting
 - Level 8.4 Conjurations
 - Level 8.0 Hexes
 + Level 4.3 Charms
   Level 0.8 Summonings
 - Level 2.0 Translocations
 - Level 5.3 Evocations


You had 17 spell levels left.
You knew the following spells:

 Your Spells              Type           Power        Failure   Level  Hunger
b - Blink                 Tloc           N/A          1%          2    None
d - Orb of Destruction    Conj           ######....   41%         7    ####...
h - Slow                  Hex            ######..     1%          2    None
l - Magic Dart            Conj           ####         1%          1    None
m - Fulminant Prism       Conj/Hex       ######....   1%          4    None
n - Conjure Flame         Conj/Fire      ######..     1%          3    None
q - Iskenderun's Battles  Conj/Chrm      ######..     3%          5    None
x - Mephitic Cloud        Conj/Pois/Air  #####...     1%          3    None


Dungeon Overview and Level Annotations

Branches:
Dungeon (12/15)            Temple (1/1) D:5            Lair (6/6) D:11
  Swamp (0/4) Lair:3        Snake (1/4) Lair:3        Slime (0/5) Lair:6
    Orc (2/2) D:9             Elf (0/3) Orc:2

Shops:
D:4 }   D:9 :   D:11 ?   Orc:2 ?

Annotations:
D:7 moth
Snake:1 Aizul


Innate Abilities, Weirdness & Mutations

You have an increased reservoir of magic. (+10% MP)


Message History

Press: ? - help, v - describe, . - travel The floor.
The black mamba hisses angrily.
The anaconda completely misses you. The anaconda bites you.
* * * LOW HITPOINT WARNING * * *
The anaconda grabs you. The anaconda bites you!
* * * LOW HITPOINT WARNING * * *
x2 The anaconda constricts you.
You feel much better. You block the mana viper's attack.
The anaconda bites you!
* * * LOW HITPOINT WARNING * * *
x2 The anaconda constricts you.
You block the mana viper's attack.
The anaconda's grasp on you weakens, but your attempt to escape fails.
The anaconda bites you!
* * * LOW HITPOINT WARNING * * *
x2 The anaconda constricts you.
The mana viper bites you!
* * * LOW HITPOINT WARNING * * *
You feel your power leaking away. The mana viper bites you.
You die...

..####.....##S..N.SS...SS#...###.
...# #.....S.S..../#####....$####
...# ###....#......# ###.......
...# #....##..%#### #####.S.
...####.######### #...
##.#....###...# #...
##...##...#...######## #...
......###..S...S##...# ####
.......#####..SS@....#
.......#...#.).S##...## ###
######................## #..
###............#..##### #..
###..........##.#...# #..
#...##....#....#...####..
#...########.........##.# #...#
#............# #########
##...#......##


You could see an anaconda, 3 mana vipers and a black mamba.

Vanquished Creatures
  Rupert (Lair:4)
  The ghost of MrSolrac the Severer, a journeyman MiBe of Trog (Lair:5)
  2 ogre magi (Orc:2)
  Fannar (D:12)
  4 hydras
  A naga warrior (Snake:1)
  Erica (D:10)
  8 two-headed ogres
  An anaconda (Snake:1)
  A death yak (Lair:2)
  The ghost of kae the Martial Artist, a novice DsMo of Wu Jian (D:8)
  An unseen horror (D:10)
  2 orc knights
  An oklob plant (Lair:3)
  2 mana vipers (Snake:1)
  2 ugly things
  A cyclops (D:12)
  4 salamanders (Snake:1)
  A manticore (D:12)
  A deep elf mage (D:12)
  3 elephants (Lair:5)
  A naga mage (Snake:1)
  9 black mambas
  Maurice (D:9)
  A torpor snail (Lair:6)
  9 spiny frogs
  A gargoyle (D:11)
  A rime drake (Lair:6)
  4 komodo dragons
  A kobold demonologist (D:12)
  12 polar bears
  3 trolls
  A hippogriff (Lair:6)
  Grinder (D:7)
  11 blink frogs
  3 raiju (Lair:6)
  4 slime creatures (D:12)
  A spriggan (D:7)
  37 yaks
  A wyvern (D:11)
  Grum (D:10)
  A hungry ghost (D:12)
  5 vampire mosquitoes (Lair:3)
  2 basilisks
  A naga (Snake:1)
  9 wargs
  Edmund (D:6)
  10 water moccasins
  12 hell hounds (Lair:6)
  11 orc warriors
  4 ice beasts
  6 porcupines
  4 sky beasts
  2 eyes of draining
  3 phantoms
  12 black bears
  5 ogres
  25 wolves
  The ghost of Exporg the Skirmisher, an amateur DsBe of Trog (D:3)
  6 centaurs
  10 crocodiles
  4 big kobolds
  2 elf zombies (Ossuary)
  10 bullfrogs
  3 killer bees (D:10)
  4 scorpions
  5 wights
  3 howler monkeys (D:7)
  An electric eel (Lair:3)
  A lava snake (Lair:5)
  3 crimson imps
  4 centaur zombies
  6 hounds
  4 jellies
  3 centaur skeletons
  5 orc priests
  A human zombie (Ossuary)
  13 orc wizards
  3 bullfrog skeletons
  2 iguanas
  11 worker ants
  2 big kobold zombies (Ossuary)
  A hound zombie (Ossuary)
  2 hound skeletons
  3 mummies (Ossuary)
  2 worker ant zombies
  Robin (D:3)
  5 gnolls
  16 adders
  4 shadow imps
  6 adder zombies (Ossuary)
  An adder skeleton (D:7)
  2 worms
  12 dart slugs
  7 leopard geckos
  50 orcs
  A bat (D:2)
  4 giant cockroaches
  2 gnoll zombies (Ossuary)
  21 goblins
  15 hobgoblins
  8 jackals
  8 quokkas
  2 ball pythons
  4 frilled lizards
  A giant cockroach zombie (D:2)
  5 goblin zombies (Ossuary)
  4 hobgoblin zombies (Ossuary)
  A jackal skeleton (D:6)
  2 jackal zombies (Ossuary)
  32 kobolds
  3 kobold zombies (Ossuary)
  An orc zombie (Ossuary)
  5 quokka zombies (Ossuary)
  12 rats
  A rat zombie (Ossuary)
  3 bushes (Lair:3)
  A fire vortex (Lair:5)
  2 fulminant prisms
  A fungus (Lair:5)
  10 plants (Lair:3)
624 creatures vanquished.

Vanquished Creatures (others)
  2 orcs (Orc:2)
  2 kobolds (Bailey)
  159 fulminant prisms
  3 fungi
  13 plants
179 creatures vanquished.

Grand Total: 803 creatures vanquished

Notes
Turn   | Place    | Note
-------+----------+-------------------------------------------
     0 | D:1      | Nurfield the Demigod Wizard began the quest for the Orb.
     0 | D:1      | Reached XP level 1. HP: 14/14 MP: 6/6
   288 | D:1      | Reached skill level 3 in Spellcasting
   429 | D:1      | Reached skill level 1 in Conjurations
   623 | D:1      | Reached XP level 2. HP: 20/20 MP: 1/8
   765 | D:1      | Found a glowing silver altar of Zin.
  1289 | D:2      | Reached XP level 3. HP: 26/26 MP: 8/10
  1297 | D:2      | Learned a level 2 spell: Blink
  1301 | D:2      | Learned a level 3 spell: Mephitic Cloud
  2191 | D:3      | Reached XP level 4. HP: 33/33 MP: 3/11
  2425 | D:3      | Noticed Robin
  2430 | D:3      | Killed Robin
  2640 | D:3      | Noticed Exporg's ghost (amateur DsBe)
  2757 | D:3      | Killed Exporg's ghost
  2757 | D:3      | Reached XP level 5. HP: 38/38 MP: 0/12
  2943 | D:3      | Learned a level 3 spell: Conjure Flame
  3033 | D:3      | Reached skill level 5 in Conjurations
  3551 | D:4      | Reached XP level 6. HP: 21/45 MP: 1/14
  3702 | D:4      | Reached skill level 4 in Spellcasting
  3706 | D:4      | Learned a level 2 spell: Slow
  3892 | D:4      | Got a bloodstained robe
  3903 | D:4      | Identified the +3 robe "Doasavve" {Dex+4} (You found it on level 4 of the Dungeon)
  4092 | D:4      | Found Sijoytyunal's Gadget Shoppe.
  4231 | D:4      | Reached skill level 5 in Spellcasting
  4476 | D:4      | Reached XP level 7. HP: 50/50 MP: 13/18
  4573 | D:4      | Reached skill level 1 in Hexes
  5147 | D:4      | Found an iron altar of Okawaru.
  5420 | D:4      | Found Sijoytyunal's Gadget Shoppe.
  5879 | D:5      | Entered Level 5 of the Dungeon
  6085 | D:5      | Found a snail-covered altar of Cheibriados.
  6120 | D:5      | Noticed a fire elemental
  6123 | D:5      | Found a stormy altar of Qazlal.
  6124 | D:5      | Noticed a water elemental
  6124 | D:5      | Noticed an air elemental
  6677 | D:5      | Reached skill level 1 in Translocations
  6752 | D:5      | Found a staircase to the Ecumenical Temple.
  6761 | Temple   | Entered the Ecumenical Temple
  6826 | D:5      | Reached XP level 8. HP: 57/57 MP: 10/19
  6958 | D:5      | Found a sacrificial altar of Ru.
  7043 | D:5      | Found a glowing silver altar of Zin.
  7342 | D:6      | Found a sand-covered staircase.
  7574 | Ossuary  | Entered an ossuary
  8404 | Ossuary  | Reached skill level 6 in Spellcasting
  8487 | D:6      | Noticed Edmund
  8519 | D:6      | Killed Edmund
  8782 | D:6      | Noticed Grinder
  9519 | D:7      | Reached skill level 5 in Hexes
  9835 | D:7      | Noticed a moth of wrath
  9931 | D:7      | Reached XP level 9. HP: 62/62 MP: 8/21
 10315 | D:7      | Got a smoking chain mail
 10411 | D:7      | Killed Grinder
 11065 | D:7      | Found a bloodstained altar of Trog.
 11318 | D:8      | Reached skill level 1 in Fighting
 11657 | D:8      | Noticed kae's ghost (novice DsMo)
 11679 | D:8      | Killed kae's ghost
 12299 | D:8      | Reached skill level 5 in Fighting
 12557 | D:8      | You fall through a shaft!
 12557 | D:9      | Noticed Maurice
 12615 | D:9      | Killed Maurice
 12615 | D:9      | Reached XP level 10. HP: 81/81 MP: 0/22
 12788 | D:9      | Found Saen Mef's Book Boutique.
 13834 | D:9      | Found a staircase to the Orcish Mines.
 14199 | D:10     | Entered Level 10 of the Dungeon
 14393 | D:10     | Noticed Grum
 14396 | D:10     | Reached skill level 7 in Spellcasting
 15126 | D:10     | Noticed Erica
 15301 | Orc:1    | Entered Level 1 of the Orcish Mines
 15395 | D:9      | Identified the +6 chain mail of Distant Worlds {rCorr SInv} (You found it on level 7 of the Dungeon)
 15490 | D:10     | Noticed an unseen horror
 15517 | D:10     | Killed an unseen horror
 15517 | D:10     | Reached skill level 8 in Spellcasting
 15729 | D:10     | Killed Erica
 15993 | D:10     | Noticed a two-headed ogre
 16016 | D:10     | Killed a two-headed ogre
 16016 | D:10     | Reached skill level 9 in Spellcasting
 16853 | D:10     | Killed Grum
 17212 | D:10     | Got a smoking ring mail
 17213 | D:10     | Identified the cursed +0 ring mail of Magic {Int+3} (You found it on level 10 of the Dungeon)
 17267 | D:11     | Reached XP level 11. HP: 52/86 MP: 3/28
 17477 | D:11     | Found a staircase to the Lair.
 17630 | Lair:1   | Entered Level 1 of the Lair of Beasts
 18169 | Lair:1   | Reached skill level 10 in Spellcasting
 18997 | Lair:1   | Reached skill level 11 in Spellcasting
 20302 | Lair:3   | _is in Liar _"You are starving!"
 20611 | Lair:3   | Got a bloodstained war axe
 20612 | Lair:3   | Identified the +0 war axe of Valiance {flame, +Inv Int-2 Dex+2} (You found it on level 3 of the Lair of Beasts)
 20735 | Lair:3   | Found a staircase to the Snake Pit.
 20744 | Lair:3   | Noticed a death yak
 20746 | Lair:3   | Noticed a death yak
 20751 | Lair:3   | Noticed a death yak
 21213 | Lair:2   | Killed a death yak
 21569 | Lair:3   | Reached skill level 12 in Spellcasting
 21697 | Lair:3   | Found a staircase to the Swamp.
 21735 | Lair:3   | Found a blossoming altar of Fedhas.
 22776 | Lair:4   | Noticed Rupert
 22880 | Lair:5   | Reached XP level 12. HP: 84/94 MP: 16/33
 23734 | Lair:5   | Reached skill level 13 in Spellcasting
 24348 | Lair:5   | Noticed MrSolrac's ghost (journeyman MiBe)
 25220 | D:9      | Bought a book of Conjurations for 360 gold pieces
 25225 | D:9      | Learned a level 4 spell: Fulminant Prism
 25681 | Lair:5   | Killed MrSolrac's ghost
 25843 | Lair:6   | Entered Level 6 of the Lair of Beasts
 25843 | Lair:6   | Noticed a seven-headed hydra
 25854 | Lair:6   | Killed a seven-headed hydra
 26078 | Lair:6   | Reached skill level 14 in Spellcasting
 26684 | Lair:6   | Noticed an eight-headed hydra
 26716 | Lair:6   | Killed an eight-headed hydra
 28117 | Lair:6   | Found a viscous altar of Jiyva.
 28117 | Lair:6   | Found a staircase to the Slime Pits.
 29742 | Lair:6   | Reached XP level 13. HP: 100/100 MP: 21/36
 30052 | Lair:6   | Reached skill level 15 in Spellcasting
 31411 | Lair:6   | Got a spiked buckler
 32151 | Orc:2    | Entered Level 2 of the Orcish Mines
 32182 | Orc:2    | Found Kiwakhlalyt's Magic Scroll Shop.
 32214 | Orc:2    | Reached skill level 1 in Evocations
 33683 | Orc:1    | Reached skill level 5 in Evocations
 34133 | D:11     | Found a shadowy altar of Dithmenos.
 34808 | D:11     | Found Caotosi's Magic Scroll Shoppe.
 35070 | Lair:4   | Killed Rupert
 35500 | Lair:4   | fulminant prism is indeed awesome
 35573 | Lair:1   | Identified the +0 buckler of the Eight Boll Weevils {rN+ MR++ Str-3} (You found it on level 6 of the Lair of Beasts)
 35710 | D:12     | Reached skill level 1 in Shields
 36145 | D:12     | Found a flagged portal.
 36210 | D:12     | Got a steaming hand axe {freeze}
 36211 | D:12     | Identified the +9 hand axe "Brush" {freeze, rN+ MR++} (You took it off a kobold on level 12 of the Dungeon)
 36234 | Bailey   | Entered a bailey
 36943 | D:12     | Noticed Fannar
 37037 | D:12     | Killed Fannar
 37597 | D:12     | Reached XP level 14. HP: 111/111 MP: 27/39
 38043 | Orc:2    | Found a staircase to the Elven Halls.
 38488 | Snake:1  | Entered Level 1 of the Snake Pit
 38661 | D:9      | Bought a book of Power for 540 gold pieces
 38667 | D:9      | Learned a level 5 spell: Iskenderun's Battlesphere
 38675 | D:9      | Learned a level 7 spell: Orb of Destruction
 38847 | Snake:1  | Reached skill level 1 in Charms
 39304 | Snake:1  | Noticed Aizul
 39803 | Snake:1  | HP: 1/111 [mana viper (13)]
 39803 | Snake:1  | Slain by a mana viper

Skill      XL: |  1  2  3  4  5  6  7  8  9 10 11 12 13 14 |
---------------+-------------------------------------------+-----
Spellcasting   | 3 5 6 9 12 14 15 | 15.8
Conjurations   | 1 2 3 4 5 7 8 |  8.4
Hexes          | 1 5 8 |  8.0
Translocations | 2 |  2.0
Fighting       | 5 6 |  6.6
Dodging        | 3 |  3.0
Evocations     | 5 |  5.3
Shields        | 4 |  4.1
Charms         | 4 |  4.3
Stealth        | |  1.7
Summonings     | |  0.8

Action                   |  1- 3 |  4- 6 |  7- 9 | 10-12 | 13-15 || total
-------------------------+-------+-------+-------+-------+-------++-------
Melee: Dagger            |       |     6 |     5 |       |       ||    11
       Spear             |       |       |     7 |       |       ||     7
       Flail             |       |       |     5 |       |       ||     5
       Short sword       |       |       |       |   212 |    55 ||   267
       Trident           |       |       |       |       |    62 ||    62
 Cast: Magic Dart        |   116 |   150 |   572 |   703 |   213 ||  1754
       Blink             |       |     7 |     8 |    20 |    51 ||    86
       Mephitic Cloud    |       |     1 |    12 |    21 |    10 ||    44
       Conjure Flame     |       |     1 |    55 |   279 |   147 ||   482
       Slow              |       |       |    13 |   144 |    69 ||   226
       Fulminant Prism   |       |       |       |    39 |   122 ||   161
       Iskenderun's Batt |       |       |       |       |    13 ||    13
 Abil: Evoke Invisibilit |       |       |       |       |    15 ||    15
Evoke: Wand              |       |       |       |    12 |       ||    12
  Use: Scroll            |       |     4 |     7 |    13 |    15 ||    39
       Potion            |       |       |       |     2 |     9 ||    11
  Eat: Chunk             |     4 |     7 |    21 |    34 |    28 ||    94
       Ration            |       |       |     1 |     5 |     3 ||     9
Armor: Robe              |     5 |     9 |    28 |    83 |    48 ||   173
       Chain mail        |       |       |       |    18 |       ||    18
Dodge: Dodged            |    18 |    14 |    51 |   196 |   133 ||   412
Block: Other             |       |       |       |    19 |    16 ||    35
       Reflection        |       |       |       |     1 |    14 ||    15
       Buckler           |       |       |       |       |    43 ||    43
